 Dungeon Crawl Stone Soup version 0.17-a0-2073-gde5cdba (webtiles) character file.

122 vatarom the Ruffian (level 4, -4/49 HPs)
             Began as a Demonspawn Gladiator on Oct 15, 2015.
             Slain by Sigmund
             ... wielding a +0 scythe
              (12 damage)
             ... on level 3 of the Dungeon.
             The game lasted 00:05:59 (2330 turns).

vatarom the Ruffian (Demonspawn Gladiator)          Turns: 2330, Time: 00:05:59

Health: -4/49      AC:  3    Str: 21    XL:     4   Next: 78%
Magic:  13/13      EV: 13    Int: 10    God:
Gold:   201        SH:  0    Dex: 18    Spells: 0 memorised, 3 levels left

rFire  . . .     SeeInvis .     a - +1 quarterstaff
rCold  . . .     Clarity  .     b - +0 leather armour
rNeg   . . .     SustAt   .     (no shield)
rPois  .         Gourm    .     (helmet restricted)
rElec  .         Spirit   .     (no cloak)
rCorr  .         Warding  .     (no gloves)
rMut   .         Stasis   .     (no boots)
MR     .....                    (no amulet)
Stlth  ..........               i - +5 ring of dexterity
                                k - ring of magical power

@: berserking (expiring), very quick, not resistant to hostile enchantments,
extremely unstealthy
A: antennae 1, claws 1, talons 1, wild magic 1
a: no special abilities


You were on level 3 of the Dungeon.
You were not hungry.

You visited 1 branch of the dungeon, and saw 3 of its levels.

You collected 201 gold pieces.

Inventory:

Hand Weapons
 a - a +1 quarterstaff (weapon)
Missiles
 d - 3 throwing nets (quivered)
Armour
 b - a +0 leather armour (worn)
 c - a +1 helmet
Jewellery
 i - a +5 ring of dexterity (right claw)
 k - a ring of magical power (left claw)
Scrolls
 f - a scroll of immolation
 j - 2 scrolls of blinking
 m - a scroll of remove curse
 q - 2 scrolls of teleportation
Potions
 n - a potion of berserk rage
 o - a potion of invisibility
 p - 2 potions of curing
Comestibles
 e - a bread ration
 g - 2 slices of pizza
 h - a royal jelly
 l - a meat ration


   Skills:
 - Level 2.0 Fighting
 - Level 2.6 Staves
 - Level 1.7 Throwing
 - Level 2.4 Armour
 - Level 2.6 Dodging
 * Level 3.0 Unarmed Combat


You had 3 spell levels left.
You didn't know any spells.

Dungeon Overview and Level Annotations

Branches:
Dungeon (3/15)

Altars:

Annotations:
D:3 Sigmund


Innate Abilities, Weirdness & Mutations

You have sharp fingernails.
You have sharp toenails.
You have a pair of small antennae on your head.
Your spells are a little harder to cast, but a little more powerful.


Message History

You sock the orc!
You kill the orc!
You completely miss the rat. Your kick misses the rat.
The rat closely misses you.
You thump the rat!
You kill the rat!
You bludgeon the jackal!!
You kill the jackal!
Something hits you.
* * * LOW HITPOINT WARNING * * *
You sock the orc!
You kill the orc!
Your Unarmed Combat skill increases to level 3!
The orc hits you with a war axe.
* * * LOW HITPOINT WARNING * * *
Items here: )) ? [ †††† You sock the orc!
You kill the orc!
Something hits you!
You die...

#######.#.# #.# .....##.#.#
#.##....%......# ........#.#
#.##...........# ..(..####.#
#.##............
..).....#.###.##..<.{..h...#
...........##.##...oo..h...#
...........##.# ..{.......#
#.............#####bo.......
###.......).#...@)#.........
#.......##..#.###{o.........
#.#.###.##.....{.h..........
............................
#.########.##.##.#..........
#.# #......#.#.............
#.####.###..#.#..####[......
.....#.###..#.#.........####
..##.#......(...........#


You could see an orc priest and a jackal.

Vanquished Creatures
  Terence (D:2)
  2 adders (D:2)
  A worm (D:3)
  An adder skeleton (D:3)
  A giant gecko (D:2)
  3 orcs (D:3)
  A ball python (D:1)
  4 giant cockroaches
  5 goblins (D:1)
  8 hobgoblins
  3 quokkas
  8 bats
  4 giant newts
  12 jackals
  5 kobolds
  8 rats
67 creatures vanquished.

Notes
Turn   | Place    | Note
--------------------------------------------------------------
     0 | D:1      | vatarom the Demonspawn Gladiator began the quest for the Orb.
     0 | D:1      | Reached XP level 1. HP: 16/16 MP: 1/1
     2 | D:1      | Noticed a human
     4 | D:1      | Noticed a spriggan
     6 | D:1      | Noticed a merfolk
     6 | D:1      | Noticed an ogre
     8 | D:1      | Noticed a ghoul
     8 | D:1      | Noticed a demigod
    10 | D:1      | Noticed a naga
    13 | D:1      | Noticed an elf
    13 | D:1      | Noticed a troll
    15 | D:1      | Noticed an octopode
    15 | D:1      | Noticed a gargoyle
    17 | D:1      | Noticed a minotaur
    17 | D:1      | Noticed a centaur
    19 | D:1      | Noticed a dwarf
    19 | D:1      | Noticed a felid
    21 | D:1      | Noticed a formicid
    23 | D:1      | Noticed a vampire
    23 | D:1      | Noticed a draconian
    25 | D:1      | Noticed a demonspawn
    27 | D:1      | Noticed a vine stalker
    27 | D:1      | Noticed a tengu
   148 | D:1      | Reached skill level 1 in Armour
   294 | D:1      | Gained mutation: You have sharp toenails. [demonic ancestry]
   294 | D:1      | Reached XP level 2. HP: 17/22 MP: 2/2
   884 | D:1      | Gained mutation: You have sharp fingernails. [demonic ancestry]
   884 | D:1      | Reached XP level 3. HP: 13/27 MP: 3/3
  1434 | D:2      | Reached skill level 1 in Unarmed Combat
  1666 | D:2      | Noticed Terence
  1678 | D:2      | Killed Terence
  1678 | D:2      | Reached XP level 4. HP: 26/33 MP: 4/4
  2115 | D:3      | Gained mutation: You have a pair of small antennae on your head. [potion of mutation]
  2115 | D:3      | Gained mutation: Your spells are a little harder to cast, but a little more powerful. [potion of mutation]
  2311 | D:3      | Noticed Sigmund
  2328 | D:3      | Reached skill level 3 in Unarmed Combat
  2330 | D:3      | Slain by Sigmund

Vault maps used:
D:1:      kb_arrival_jail
D:2:      fountainhead, uniq_terence
D:3:      grunt_ministairs_1, uniq_jessica, uniq_natasha, uniq_sigmund

Action                   |  1- 3 |  4- 6 || total
-------------------------+-------+-------++-------
Melee: Quarterstaff      |   145 |    51 ||   196
  Use: Scroll            |     8 |     2 ||    10
       Potion            |     2 |     3 ||     5
 Stab: Invisible         |     4 |       ||     4
       Sleeping          |     1 |       ||     1
  Eat: Bread ration      |     1 |     1 ||     2
